 Dungeon Crawl Stone Soup version 0.27-a0-223-ge082b6e869 (webtiles) character file.

Game seed: 3506805010490884005

2006 MrDNA the Unseen (level 9, -2/51 (54) HPs)
             Began as an Octopode Brigand on Feb 1, 2021.
             Killed from afar by a white imp (7 damage)
             ... with a puff of frost
             ... on level 6 of the Dungeon.
             The game lasted 00:12:56 (6110 turns).

MrDNA the Unseen (Octopode Brigand)                 Turns: 6110, Time: 00:12:57

HP:   -2/51 (54)    AC:  1    Str: 13    XL:     9   Next: 22%
MP:   18/18         EV: 16    Int: 13    God:
Gold: 271           SH:  0    Dex: 14    Spells: 8/8 levels left

rFire    . . .     SeeInvis .   o - +1 dagger (elec)
rCold    + . .     Faith    .   (no shield)
rNeg     . . .     Spirit   .   (helmet restricted)
rPois    .         Reflect  .   (no amulet)
rElec    .         Harm     .   z - ring of magical power
rCorr    .         Rampage  .   C - ring of wizardry
Will     .....                  H - ring of protection from cold
Stlth    ++++++++..             (no ring)
HPRegen  0.17/turn              (no ring)
MPRegen  0.16/turn              (no ring)
                                (no ring)
                                (no ring)

@: lethally poisoned (-2 -> -3), drained
A: almost no armour, stealthy swim, amphibious, 8 rings, constrict 8, camouflage
1, gelatinous body 1
a: no special abilities


You were on level 6 of the Dungeon.
You visited 1 branch of the dungeon, and saw 6 of its levels.

You collected 271 gold pieces.

Inventory:

Hand Weapons
 j - a +0 vorpal hand axe
 k - a +0 hunting sling
 o - a +1 dagger of electrocution (weapon)
 A - a +1 dagger of venom
 B - a +1 trident of flaming
 D - a +0 vampiric dagger
 E - a +1 short sword of flaming
Missiles
 b - 18 poisoned darts (quivered)
 c - 2 curare-tipped darts
 h - 35 sling bullets
 F - a throwing net
Jewellery
 z - a ring of magical power (left tentacle)
 C - a ring of wizardry (right tentacle)
 H - a ring of protection from cold (on tentacle)
Wands
 p - a wand of random effects (31)
 G - a wand of flame (34)
Scrolls
 a - 3 scrolls of remove curse {unknown}
 e - 2 scrolls of blinking {unknown}
 l - 3 scrolls of fear {unknown}
 m - a scroll of random uselessness {unknown}
 n - 3 scrolls of enchant armour {unknown}
 q - 2 scrolls of magic mapping {unknown}
 r - a scroll of noise {unknown}
 w - 2 scrolls of teleportation {unknown}
 x - a scroll of identify
 y - 2 scrolls of fog {unknown}
Potions
 d - 2 potions of ambrosia
 f - 4 potions of curing
 i - a potion of invisibility
 s - 2 potions of brilliance
 t - a potion of lignification {unknown}
 v - 3 potions of haste


   Skills:
 - Level 2.0 Fighting
 - Level 2.0 Short Blades
 - Level 2.0 Throwing
 + Level 4.9 Dodging
 + Level 15.1 Stealth


You had 8 spell levels left.
You didn't know any spells.
Your spell library was empty.

Dungeon Overview and Level Annotations

Branches:
Dungeon (6/15)
 Temple: D:4-7

Altars:
Fedhas
Vehumet


Innate Abilities, Weirdness & Mutations

You cannot wear most types of armour.
You are very stealthy in the water. (Stealth+)
You are amphibious.
You can wear up to eight rings at the same time.
You can use your tentacles to constrict eight enemies at once.
Your skin changes colour to match your surroundings (Stealth+).
Your rubbery body absorbs attacks. (AC +1, EV +1)


Message History

The white imp shouts, "Take thy face hence, thou pecksniffian fool-born coxcomb!"
You feel much better.
You constrict the wight, but do no damage.
A nearby plant withers and dies.
The wight barely misses you.
The bullfrog zombie hits the plant.
Something hits you. Something shocks you.
The wight hits you from afar with a +0 spear.
The white imp hits you. The white imp freezes you. You resist.
* * * LOW HITPOINT WARNING * * *
Okay, then.
You release your grip on the wight.
A nearby plant withers and dies.
Something hits you but does no damage. The wight closely misses you.
The wight splashes around in the water.
The white imp closely misses you.
You feel sick. Something hits you.
* * * LOW HITPOINT WARNING * * *
Something shocks you.
* * * LOW HITPOINT WARNING * * *
The wight misses you. The white imp gestures at you.
The puff of frost hits you! You resist.
You die...

#### ##PP♣#
#@≈≈z♣##
♣♣)5≈♣≈#
♣≈zo≈PP#
♣≈Z≈≈≈≈#
#.....##
######.....#
#..........#
#.###.######
#.# #.#


You could see an orc warrior, 2 wights, a white imp and a bullfrog zombie.

Vanquished Creatures
  Sigmund (D:2)
  Duvessa (D:5)
  2 ice beasts (D:5)
  5 phantoms
  A big kobold (D:2)
  3 bullfrogs
  A wyvern zombie (D:6)
  Dowan (D:5)
  A water moccasin zombie (D:6)
  A wight (D:6)
  A howler monkey (D:4)
  4 hounds
  A gnoll shaman (D:4)
  An orc priest (D:4)
  Jessica (D:3)
  3 orc wizards
  An iguana (D:4)
  3 worker ants (D:4)
  2 hound zombies (D:5)
  Robin (D:2)
  7 gnolls
  A worker ant zombie (D:6)
  4 adders
  An ufetubus (D:4)
  2 oozes
  An adder zombie (D:5)
  An adder skeleton (D:4)
  3 worms (D:2)
  2 dart slugs
  7 leopard geckos
  15 orcs
  9 giant cockroaches
  13 goblins
  12 hobgoblins
  6 jackals
  5 kobolds
  A quokka (D:4)
  4 ball pythons
  2 bats
  5 frilled lizards
  7 rats
143 creatures vanquished.

Vanquished Creatures (others)
  A goblin (D:2)
  12 plants (D:6)
13 creatures vanquished.

Grand Total: 156 creatures vanquished

Notes
Turn   | Place    | Note
-------+----------+-------------------------------------------
     0 | D:1      | MrDNA the Octopode Brigand began the quest for the Orb.
     0 | D:1      | Reached XP level 1. HP: 14/14 MP: 1/1
   314 | D:1      | Reached skill level 6 in Stealth
   314 | D:1      | Reached XP level 2. HP: 17/19 MP: 2/2
   801 | D:1      | Reached XP level 3. HP: 24/24 MP: 3/3
   984 | D:2      | Noticed a big kobold
   996 | D:2      | Killed a big kobold
   997 | D:2      | Reached skill level 8 in Stealth
   997 | D:2      | Reached XP level 4. HP: 5/29 MP: 4/4
  1360 | D:2      | Reached XP level 5. HP: 34/34 MP: 5/5
  1417 | D:2      | Noticed Robin
  1441 | D:2      | Killed Robin
  1798 | D:2      | Noticed Sigmund
  1799 | D:2      | Killed Sigmund
  1800 | D:2      | Reached skill level 10 in Stealth
  1800 | D:2      | Reached XP level 6. HP: 39/39 MP: 6/6
  2254 | D:3      | Noticed Jessica
  2267 | D:3      | Killed Jessica
  2610 | D:4      | Reached XP level 7. HP: 45/45 MP: 7/7
  2655 | D:4      | Reached skill level 11 in Stealth
  3271 | D:4      | Reached skill level 12 in Stealth
  3761 | D:4      | Reached XP level 8. HP: 50/50 MP: 8/8
  3867 | D:5      | Entered Level 5 of the Dungeon
  3883 | D:5      | Noticed Dowan
  3887 | D:4      | HP: 1/50 [ufetubus (5)]
  4492 | D:5      | Reached skill level 13 in Stealth
  4990 | D:5      | Noticed Duvessa
  5016 | D:5      | Killed Duvessa
  5017 | D:5      | Reached skill level 14 in Stealth
  5022 | D:5      | Killed Dowan
  5240 | D:5      | Found a blossoming altar of Fedhas.
  5949 | D:6      | Found a radiant altar of Vehumet.
  6037 | D:6      | Reached XP level 9. HP: 54/54 MP: 9/9
  6069 | D:6      | Reached skill level 15 in Stealth
  6110 | D:6      | Killed from afar by a white imp

Illustrated notes

Levels and vault maps discovered:
D:1:      dpeg_arrival_concentric_ovals, layout_basic
D:2:      layout_loops_ring, st_stairs_3, uniq_sigmund, uniq_robin
D:3:      layout_rooms, uniq_jessica
D:4:      layout_basic, minmay_starry_boxes
D:5:      layout_layer_cave, fedhas_altar_2, minmay_fountain_box, uniq_duvessa
D:6:      layout_gridville, serial_bayou, serial_bayou_pond_c,
          serial_bayou_shore_a, serial_bayou_pond_a, serial_bayou_shore_b,
          grunt_decor_fettered, minmay_misc_feat_nine_boxes,
          vehumet_altar_wand_db

Skill      XL: |  1  2  3  4  5  6  7  8  9 |
---------------+----------------------------+-----
Stealth        | 6 8 10 12 14 15 | 15.1
Dodging        | 2 3 4 |  4.9
Fighting       | |  2.0
Short Blades   | |  2.0
Throwing       | |  2.0

Action                   |  1- 3 |  4- 6 |  7- 9 || total
-------------------------+-------+-------+-------++-------
Melee: Dagger            |    54 |    96 |   159 ||   309
       Tentacles         |    12 |    13 |    36 ||    61
       Constrict         |    14 |    20 |    36 ||    70
Throw: Dart              |       |       |     9 ||     9
       Javelin           |       |       |     2 ||     2
  Use: Potion            |       |     1 |     2 ||     3
       Scroll            |       |     3 |     2 ||     5
 Stab: Sleeping          |     7 |    17 |    19 ||    43
       Distracted        |     1 |       |       ||     1
Armor: Skin              |     6 |    10 |     6 ||    22
Dodge: Dodged            |    28 |    63 |   126 ||   217

Table legend: (Time is in decaauts)
 A = Elapsed time spent in this place.
 B = Non-inter-level travel time spent in this place.
 C = Inter-level travel time spent in this place.
 D = Time resting spent in this place.
 E = Time spent auto-exploring this place.
 F = Levels seen in this place.
 G = Mean time per level.
                   A        B        C        D        E       F      G
               +--------+--------+--------+--------+--------+-----+--------+
         Total |   6077 |   5952 |    125 |   1781 |   3238 |   6 | 1012.8 |
       Dungeon |   6077 |   5952 |    125 |   1781 |   3238 |   6 | 1012.8 |
               +--------+--------+--------+--------+--------+-----+--------+

Top non-repeatable levels by time:
     D:5: 1563 daAuts
     D:4: 1502 daAuts
     D:2: 1228 daAuts
     D:1: 884 daAuts
     D:3: 607 daAuts
     D:6: 292 daAuts
